 Dungeon Crawl Stone Soup version 0.23-a0-690-g0a1fc62c7c (webtiles) character file.

30 Mazzaar the Digger (level 3, -1/19 HPs)
             Began as a Gargoyle Earth Elementalist on Jan 11, 2019.
             Slain by a jackal (3 damage)
             ... on level 3 of the Dungeon.
             The game lasted 00:04:46 (1443 turns).

Mazzaar the Digger (Gargoyle Earth Elementalist)    Turns: 1443, Time: 00:04:46

Health: -1/19      AC:  6    Str: 11    XL:     3   Next: 18%
Magic:  5/7        EV: 12    Int: 16    God:
Gold:   59         SH:  0    Dex: 10    Spells: 6/7 levels left

rFire    . . .     SeeInvis .   e - +0 spear
rCold    . . .     Gourm    .   (no shield)
rNeg     + . .     Faith    .   a - +1 robe {MR+}
rPois    ∞         Spirit   .   (no helmet)
rElec    +         Reflect  .   (no cloak)
rCorr    .         Harm     .   (no gloves)
MR       +....                  (no boots)
Stlth    ++........             (no amulet)
HPRegen  0.06/turn              h - ring of wizardry
MPRegen  0.10/turn              (no ring)

@: no status effects
A: negative energy resistance 1, electricity resistance, unbreathing,
petrification resistance, rot immunity, AC +3
a: no special abilities


You were on level 3 of the Dungeon.
You were hungry.

You visited 1 branch of the dungeon, and saw 3 of its levels.

You collected 59 gold pieces.

Inventory:

Hand Weapons
 e - a +0 spear (weapon)
Missiles
 b - 94 stones (quivered)
Armour
 a - a +1 robe of magic resistance (worn)
Jewellery
 h - a ring of wizardry (left hand)
Wands
 m - a wand of clouds (6)
Scrolls
 f - a scroll of teleportation
 g - a scroll of identify {unknown}
 i - a scroll of magic mapping {unknown}
 p - a scroll of immolation {unknown}
Potions
 c - a potion of haste {unknown}
 k - a potion of resistance {unknown}
 l - 4 potions of curing {unknown}
 n - a potion of degeneration {unknown}
 o - a potion of berserk rage {unknown}
Comestibles
 d - 2 rations
 j - 4 chunks of flesh


   Skills:
 - Level 1.5 Dodging
 - Level 2.1 Stealth
 + Level 2.7 Spellcasting
   Level 0.7 Transmutations
 + Level 4.4 Earth Magic


You had 6 spell levels left.
You knew the following spells:

 Your Spells              Type           Power        Failure   Level  Hunger
a - Sandblast             Erth           ###...       1%          1    #......

Your spell library contained the following spells:

 Spells                   Type           Power        Failure   Level  Hunger
 Passwall                 Tmut/Erth      ##......     4%          2    ##.....
 Confusing Touch          Hex            #.....       8%          1    #......
 Stone Arrow              Conj/Erth      #.....       10%         3    ###....
 Confuse                  Hex            #.......     22%         3    ###....
 Gell's Gravitas          Tloc           #.........   22%         3    ###....
 Petrify                  Tmut/Erth      ##......     26%         4    #####..
 Lee's Rapid Deconstruct  Erth           ###.......   32%         5    ######.
 Yara's Violent Unravell  Hex/Tmut       #.........   86%         5    ######.
 Metabolic Englaciation   Hex/Ice        #.........   88%         5    ######.


Dungeon Overview and Level Annotations

Branches:
Dungeon (3/15)

Altars:
Elyvilon
Zin

Annotations:
D:2 Sigmund


Innate Abilities, Weirdness & Mutations

You are resistant to torment.
Your stone body is resilient. (AC +3)
You are immune to poison.
You resist negative energy. (rN+)
You are resistant to electric shocks. (rElec)
You can survive without breathing.
You are immune to petrification.
You are immune to rotting.


Message History

Found a pair of gloves, 10 gold pieces and a runed steel ring.
Found a stone staircase leading down and a stone staircase leading up.
There is a stone staircase leading up here.
Unknown command.
The jackal barely misses you.
A goblin comes into view. It is wielding a -2 dagger.
The jackal closely misses you.
Found an inky potion.
The gnoll shouts!
You hear a shout!
The jackal bites you.
* * * LOW HITPOINT WARNING * * *
A gnoll comes into view. It is wielding a +0 whip.
The jackal bites you.
* * * LOW HITPOINT WARNING * * *
The rat bites you.
* * * LOW HITPOINT WARNING * * *
A gnoll comes into view. It is wielding a +0 spear.
There is a stone staircase leading up here.
The jackal bites you.
You die...

#. .# .## #.g .#..
!.g #.# .=.. . ##
#.####.###..# $.
#..###....g..#..##...
..............[.....
#....g.....#.....
#..@hs...........
#...r....<..>....
#................
#...............#
......r...........#
.##...............# .
.............#...#
.##...........#..##
#............ ..


You could see 3 gnolls, a quokka, a jackal, a giant cockroach, a goblin
(wandering) and a rat.

Vanquished Creatures
  2 worms (D:2)
  A giant cockroach (D:2)
  2 goblins (D:1)
  3 hobgoblins (D:2)
  5 jackals
  2 kobolds
  3 bats
  3 rats
21 creatures vanquished.

Notes
Turn   | Place    | Note
-------+----------+-------------------------------------------
     0 | D:1      | Mazzaar the Gargoyle Earth Elementalist began the quest for
                  | the Orb.
     0 | D:1      | Reached XP level 1. HP: 10/10 MP: 3/3
   499 | D:1      | Reached XP level 2. HP: 15/15 MP: 5/5
   782 | D:1      | Reached skill level 4 in Earth Magic
  1276 | D:2      | Found a white marble altar of Elyvilon.
  1366 | D:2      | Noticed Sigmund
  1392 | D:2      | Reached XP level 3. HP: 19/19 MP: 2/6
  1413 | D:2      | Found a glowing silver altar of Zin.
  1443 | D:3      | Slain by a jackal

Vault maps used:
D:1:      onia_arrival_mini_maze
D:2:      old_standard_altar, elyvilon_altar_5, uniq_sigmund
D:3:      ashenzari_conservatory_becter, grunt_temple_overflow_open,
          nicolae_ashenzari_panopticon

Skill      XL: |  1  2 |
---------------+-------+-----
Earth Magic    | 4 |  4.4
Dodging        | |  1.5
Stealth        | |  2.1
Spellcasting   | |  2.7
Transmutations | |  0.7

Action                   || total
-------------------------++-------
Melee: Unarmed           ||     8
       Spear             ||    46
 Cast: Sandblast         ||    10
  Use: Scroll            ||     1
 Stab: Sleeping          ||     1
  Eat: Chunk             ||     1
Armor: Robe              ||    20
Dodge: Dodged            ||    49

Table legend:
 A = Non-vault XP
 B = Vault XP
 C = Vault XP percentage of total XP
 D = Non-vault monster count
 E = Vault monster count
 F = Vault count percentage of total count
                 A         B        C        D         E       F
            +---------+---------+-------+---------+---------+-------
      Total |      42 |       1 |   2.3 |      20 |       1 |   4.8
            +---------+---------+-------+---------+---------+-------
        D:1 |      14 |       1 |   6.7 |       8 |       1 |  11.1
        D:2 |      28 |       0 |   0.0 |      12 |       0 |   0.0
            +---------+---------+-------+---------+---------+-------
